 Dungeon Crawl Stone Soup version 0.27-a0-1200-g94dc6ad4cf (webtiles) character file.

Game seed: 4990848190694682491

67 Shayle the Sneak (level 3, 0/40 HPs)
             Began as a Demonspawn Enchanter on May 31, 2021.
             Slain by Sigmund
             ... wielding a +0 scythe
              (3 damage)
             ... on level 2 of the Dungeon.
             The game lasted 00:07:33 (2534 turns).

Shayle the Sneak (Demonspawn Enchanter)             Turns: 2534, Time: 00:07:34

Health: 0/40       AC: 21    Str:  8    XL:     3   Next: 98%
Magic:  1/6        EV:  2    Int: 25    God:
Gold:   92         SH:  0    Dex: 13    Spells: 0/6 levels left

rFire    + . .     SeeInvis .   a - +1 dagger
rCold    . . .     Faith    .   (no shield)
rNeg     + + +     Spirit   .   (armour currently unavailable)
rPois    +         Reflect  .   (helmet currently unavailable)
rElec    .         Harm     .   (cloak currently unavailable)
rCorr    .         Rampage  .   (gloves currently unavailable)
Will     .....     NoTele   +   (boots currently unavailable)
Stlth    ++........             (no amulet)
HPRegen  0.13/turn              n - ring of protection from fire
MPRegen  0.10/turn              d - +6 ring of intelligence

@: brilliant, tree-form
A: stationary, stasis, torment immunity, boosted hp, foul stench 1, big brain 1
a: no special abilities


You were on level 2 of the Dungeon.
You were a tree.
You visited 1 branch of the dungeon, and saw 3 of its levels.

You collected 92 gold pieces.

Inventory:

Hand Weapons
 a - a +1 dagger (weapon)
Armour
 b - a +0 robe (melded)
 o - a +0 pair of gloves (melded)
Jewellery
 c - a ring of poison resistance
 d - a +6 ring of intelligence (right branch)
 h - a ring of fire
 l - a ring of ice
 n - a ring of protection from fire (left branch)
Scrolls
 g - 3 scrolls of fog {unknown}
 j - 2 scrolls of enchant weapon {unknown}
 k - a scroll of identify {unknown}
 m - a scroll of teleportation {unknown}


   Skills:
 + Level 1.9 Fighting
 - Level 0.8 Short Blades
 + Level 1.7 Armour
 - Level 1.7 Dodging
 + Level 3.4 Stealth
 - Level 2.0 Spellcasting
 - Level 3.0 Hexes


You couldn't memorise any spells.
You knew the following spells:

 Your Spells              Type           Power      Damage    Failure   Level
a - Corona                Hex            28%        N/A       3%          1
b - Ensorcelled Hibernat  Hex/Ice        30%        N/A       9%          2
c - Confusing Touch       Hex            26%        N/A       10%         3

Your spell library contained the following spells:

 Spells                   Type           Power      Damage    Failure   Level
 Tukima's Dance           Hex            26%        N/A       10%         3
 Dazzling Flash           Conj/Hex       30%        N/A       19%         3
 Inner Flame              Hex/Fire       15%        N/A       19%         3
 Yara's Violent Unravell  Hex/Tmut       7%         3d5       86%         5
 Invisibility             Hex            26%        N/A       99%         6


Dungeon Overview and Level Annotations

Branches:
Dungeon (3/15)

Altars:

Annotations:
D:2 Sigmund


Innate Abilities, Weirdness & Mutations

You are a tree.
Your roots penetrate the ground, keeping you stationary.
You cannot be teleported.
You are immune to unholy pain and torment.
Your maximum health is greatly increased.
Your equipment is partially melded.
You may rarely emit foul miasma when damaged in melee.
You have an unusually large brain. (Int +2)


Message History

* * * LOW HITPOINT WARNING * * *
You feel better. Something hits you!
* * * LOW HITPOINT WARNING * * *
It was a potion of brilliance.
You feel clever all of a sudden.
You hear some strange, mumbled words.
Something tries to affect you, but you resist.
It was a potion of lignification.
You turn into a tree.
Your +0 pair of gloves melds into your body.
Your +0 robe melds into your body.
Your roots penetrate the ground.
Something hits you but does no damage.
It was a potion of flight.
Your roots keep you in place.
Something hits you but does no damage.
You aren't carrying any items that you can evoke.
Okay, then.
Casting: Ensorcelled Hibernation (safe; 9% risk of failure)
Confirm with . or Enter, or press ? or * to list all spells.
You can't see any susceptible monsters within range! (Use Z to cast anyway.) Unknown command.
Casting: Ensorcelled Hibernation (safe; 9% risk of failure)
Confirm with . or Enter, or press ? or * to list all spells.
Aiming: Ensorcelled Hibernation (safe; 9% risk of failure)
Press: ? - help, Shift-Dir - straight line You feel a surge of power!
Nothing appears to happen.
You hit something.
You hear some strange, mumbled words.
A magic dart appears from out of thin air!
The magic dart hits you but does no damage.
Casting: Ensorcelled Hibernation (safe; 9% risk of failure)
Confirm with . or Enter, or press ? or * to list all spells.
Aiming: Ensorcelled Hibernation (safe; 9% risk of failure)
Press: ? - help, Shift-Dir - straight line You feel a surge of power!
Nothing appears to happen.
Something hits you but does no damage.
Casting: Ensorcelled Hibernation (safe; 9% risk of failure)
Confirm with . or Enter, or press ? or * to list all spells.
Aiming: Ensorcelled Hibernation (safe; 9% risk of failure)
Press: ? - help, Shift-Dir - straight line You feel a surge of power!
Nothing appears to happen.
Something hits you.
You die...

...###.#. #.#..# #.##.####.######
....###.###.#.## ##.......... .
<....##........###.##.######## #
................#.###.##### #
.....######.####..)........ #
............# ######.####. #
...#######..# #.# # #
.#....(<.#..#########.####.######
#.######.#......♣{........{....##
#.# #.#.##########.####.....##
#.## #.#.# #.# ###.## #..# #...#
#.# # ##.# #.### #.# ... ##.##
##.## #.# #..# #...###...### #.#
#... ............# #.# ......
...>..#...#.# #.# ###...


There were no monsters in sight!

Vanquished Creatures
  An adder (D:2)
  A gnoll (D:1)
  A worm (D:2)
  4 dart slugs
  3 bats
  8 endoplasms
  2 giant cockroaches
  2 goblins (D:1)
  4 hobgoblins
  A jackal (D:1)
  A kobold (D:1)
  A quokka (D:1)
  3 ball pythons
  A frilled lizard (D:1)
  A rat (D:1)
34 creatures vanquished.

Notes
Turn   | Place    | Note
-------+----------+-------------------------------------------
     0 | D:1      | Shayle the Demonspawn Enchanter began the quest for the
                  | Orb.
     0 | D:1      | Reached XP level 1. HP: 13/13 MP: 3/3
   532 | D:1      | Gained mutation: You have an unusually large brain. (Int
                  | +2) [demonic ancestry]
   532 | D:1      | Reached XP level 2. HP: 20/20 MP: 5/5
   535 | D:1      | Learned a level 2 spell: Ensorcelled Hibernation
   673 | D:1      | Reached skill level 1 in Fighting
   673 | D:1      | Reached skill level 1 in Armour
   755 | D:1      | Found a faded altar of an unknown god.
  1135 | D:1      | Identified the Compendium of Snow and Curses
  1152 | D:1      | Gained mutation: You may rarely emit foul miasma when
                  | damaged in melee. [demonic ancestry]
  1152 | D:1      | Reached XP level 3. HP: 26/26 MP: 3/6
  2148 | D:2      | Noticed Sigmund
  2157 | D:3      | Learned a level 3 spell: Confusing Touch
  2527 | D:2      | HP: 1/27 [something (11)]
  2534 | D:2      | Slain by Sigmund

Illustrated notes

Levels and vault maps discovered:
D:1:      onia_arrival_mini_maze_b, layout_loops_ring,
          ebering_ecumenical_altar_mist, serial_bayou_pond_e
D:2:      layout_loops_ring, uniq_sigmund
D:3:      layout_loops_ring, nicolae_overflow_crystal_walls,
          fedhas_ov_isle_minmay, ebering_ghost_reflecting_pool

Skill      XL: |  1  2 |
---------------+-------+-----
Fighting       | 1 |  1.9
Armour         | 1 |  1.7
Stealth        | 3 |  3.4
Short Blades   | |  0.8
Dodging        | |  1.7
Spellcasting   | |  2.0
Hexes          | |  3.0

Action                   || total
-------------------------++-------
Melee: Dagger            ||   119
 Cast: Corona            ||     3
       Ensorcelled Hiber ||    26
       Confusing Touch   ||     1
  Use: Potion            ||     5
 Stab: Sleeping          ||    15
       Confused          ||     1
Armor: Robe              ||    12
       Skin              ||     4
Dodge: Dodged            ||    58

Table legend: (Time is in decaauts)
 A = Elapsed time spent in this place.
 B = Non-inter-level travel time spent in this place.
 C = Inter-level travel time spent in this place.
 D = Time resting spent in this place.
 E = Time spent auto-exploring this place.
 F = Levels seen in this place.
 G = Mean time per level.
                   A        B        C        D        E       F      G
               +--------+--------+--------+--------+--------+-----+--------+
         Total |   2529 |   2529 |      0 |    999 |    770 |   3 |  843.0 |
       Dungeon |   2529 |   2529 |      0 |    999 |    770 |   3 |  843.0 |
               +--------+--------+--------+--------+--------+-----+--------+

Top non-repeatable levels by time:
     D:1: 1727 daAuts
     D:2: 666 daAuts
     D:3: 135 daAuts
